Map: Pillars of Gold LE

Players

PureLegacy - Winner!

  • Race: Terran Terran
  • League: Grandmaster
  • Spawn Location: 7:00

Hupsaiya

  • Race: Protoss Protoss
  • League: Master
  • Spawn Location: 1:00

VOD

Have the link to the VOD?

Description

Time

  • Played on: Sept. 1, 2020, 8:15 p.m.
  • Length: 9:43
Show
View Real Time Build Order
Export as new Build Order

PureLegacy Terran - Winner!

Build Orders: Reaper Expand 

Get SALT Encoding   

  12  0:01  SCV  
  13  0:14  SCV  
  14  0:21  Supply Depot  
  14  0:26  SCV  
  15  0:43  SCV  
  15  0:45  Barracks  
  15  0:48  Refinery  
  16  0:55  SCV  
  17  1:07  SCV  
  18  1:19  SCV  
  19  1:31  Reaper  
  19  1:32  Orbital Command  
  20  1:44  Command Center  
  20  1:53  Supply Depot  
  20  1:58  SCV  
  21  2:03  Marine  
  22  2:10  SCV  
  23  2:17  Factory  
  23  2:20  Bunker  
  23  2:22  SCV  
  24  2:26  Barracks Reactor  
  24  2:27  Refinery  
  24  2:34  SCV  
  25  2:46  SCV  
  26  2:58  SCV  
  26  3:01  Hellion  
  26  3:02  Orbital Command  
  26  3:04  Marine  
  26  3:05  Marine  
  31  3:06  Starport  
  31  3:10  SCV  
  32  3:22  Widow Mine  
  32  3:23  SCV  
  35  3:29  SCV  
  35  3:33  Supply Depot  
  36  3:34  Marine  
  36  3:35  SCV, Marine  
  36  3:41  SCV  
  40  3:43  Medivac  
  40  3:45  Widow Mine  
  40  3:47  SCV  
  45  3:53  SCV  
  46  3:59  SCV  
  44  4:02  Marine  
  44  4:03  Marine  
  44  4:05  SCV  
  44  4:08  Supply Depot  
  47  4:11  SCV  
  47  4:15  Barracks  
  47  4:16  Starport Tech Lab, Barracks, Factory Tech Lab  
  48  4:17  SCV  
  48  4:21  Engineering Bay  
  48  4:23  SCV  
  50  4:25  Marine x2  
  50  4:29  SCV, Refinery  
  53  4:35  SCV  
  54  4:42  SCV  
  54  4:43  Marine x2  
  54  4:44  Supply Depot  
  57  4:47  SCV  
  58  5:00  SCV  
  58  5:03  Marine x2  
  58  5:06  SCV, Starport Reactor, Factory Reactor, Terran Infantry Weapons Level 1  
  60  5:09  Refinery  
  60  5:10  Combat Shield, Stimpack  
  60  5:12  Marauder  
  60  5:13  Marauder  
  64  5:15  SCV  
  64  5:17  Supply Depot  
  64  5:18  Supply Depot  
  65  5:23  SCV  
  65  5:27  SCV  
  67  5:33  Marine x2  
  67  5:35  SCV  
  70  5:39  Marauder x2  
  74  5:43  Supply Depot  
  74  5:46  Medivac x2, Widow Mine x2  
  82  5:50  Supply Depot  
  82  5:51  Supply Depot  
  82  5:58  Command Center  
  82  6:02  Marauder  
  82  6:04  Marauder  
  85  6:09  SCV x2  
  85  6:21  Marine x2  
  85  6:23  Marauder  
  85  6:25  Marauder  
  91  6:27  Medivac x2  
  91  6:32  Supply Depot  
  95  6:33  Concussive Shells  
  95  6:36  Widow Mine  
  95  6:37  Widow Mine  
  99  6:45  Marauder  
  99  6:46  Marauder  
  101  6:51  Marine x2  
  101  6:59  Liberator x2  
  107  7:06  Marauder  
  109  7:10  Marauder  
  109  7:11  Barracks  
  109  7:12  Terran Infantry Armor Level 1  
  109  7:13  Barracks  
  108  7:27  Marauder, Marine x2  
  112  7:30  SCV, Orbital Command  
  112  7:31  SCV, Marauder  
  112  7:37  Supply Depot  
  116  7:43  SCV  
  115  7:46  Marine x2  
  115  7:49  Marauder  
  119  7:53  Viking x2, Marauder  
  125  8:08  Barracks Reactor, Barracks Tech Lab  
  125  8:10  Marauder  
  119  8:14  Marauder, Marine x2  
  119  8:15  SCV x2  
  121  8:20  SCV  
  121  8:25  Starport  
  122  8:27  SCV  
  122  8:28  SCV  
  122  8:31  Marauder  
  122  8:33  SCV, Marauder, Marine x2, Sensor Tower  
  131  8:38  Supply Depot  
  131  8:41  SCV x2, Supply Depot  
  131  8:43  Marauder  
  135  8:56  SCV x3  
  135  8:57  Marauder x2, Marine  
  135  8:58  Marine x3  
  135  9:02  Viking x2  
  148  9:07  Viking  
  150  9:10  Supply Depot  
  152  9:17  Marauder  
  152  9:19  Marauder  
Show
View Real Time Build Order
Export as new Build Order

Hupsaiya Protoss 

Build Orders: 1 Gate Expand, Blink Stalkers 

Get SALT Encoding   

  12  0:01  Probe  
  13  0:13  Probe  
  14  0:21  Pylon  
  14  0:25  Probe  
  15  0:39  Probe (Chrono Boost)  
  15  0:41  Gateway  
  17  0:51  Probe (Chrono Boost)  
  17  0:54  Assimilator  
  17  0:55  Probe (Chrono Boost)  
  18  1:06  Probe  
  20  1:18  Probe  
  20  1:28  Cybernetics Core  
  20  1:32  Probe  
  21  1:42  Nexus  
  21  1:49  Pylon  
  21  1:51  Probe  
  22  1:58  Assimilator  
  22  2:03  Probe  
  22  2:05  Adept (Chrono Boost)  
  25  2:10  Warp Gate  
  25  2:14  Unknown x3  
  25  2:15  Probe  
  25  2:26  Stalker  
  25  2:29  Probe  
  28  2:41  Twilight Council, Probe  
  29  2:53  Probe (Chrono Boost)  
  30  3:00  Probe (Chrono Boost)  
  30  3:05  Probe (Chrono Boost)  
  32  3:08  Robotics Facility  
  32  3:09  Probe (Chrono Boost)  
  32  3:11  Probe (Chrono Boost)  
  34  3:14  Probe (Chrono Boost)  
  34  3:16  Blink (Chrono Boost)  
  34  3:19  Probe  
  36  3:27  Probe  
  36  3:31  Assimilator  
  36  3:34  Probe  
  38  3:39  Probe, Gateway  
  39  3:46  Probe  
  37  4:01  Probe  
  35  4:03  Probe  
  35  4:08  Observer (Chrono Boost)  
  37  4:10  Gateway  
  37  4:12  Stalker  
  37  4:13  Probe  
  37  4:15  Probe  
  41  4:24  Observer (Chrono Boost)  
  41  4:26  Probe  
  41  4:27  Probe  
  44  4:35  Stalker  
  46  4:38  Pylon  
  46  4:40  Pylon  
  46  4:54  Probe (Chrono Boost)  
  46  4:56  Probe (Chrono Boost)  
  44  5:00  Stalker x2  
  44  5:06  Probe (Chrono Boost)  
  50  5:07  Warp Prism  
  50  5:11  Probe (Chrono Boost)  
  50  5:13  Probe (Chrono Boost)  
  53  5:18  Probe  
  53  5:20  Probe  
  54  5:22  Observer  
  55  5:30  Probe (Chrono Boost)  
  55  5:32  Stalker  
  55  5:33  Stalker x2  
  55  5:35  Probe (Chrono Boost), Observer  
  61  5:37  Robotics Bay  
  61  5:39  Forge  
  61  5:42  Probe (Chrono Boost)  
  62  5:52  Assimilator  
  62  5:54  Pylon  
  62  5:57  Pylon  
  62  6:12  Probe x2, Protoss Ground Weapons Level 1 (Chrono Boost)  
  62  6:13  Stalker x3  
  70  6:23  Colossus (Chrono Boost)  
  70  6:24  Probe x2  
  72  6:30  Pylon  
  78  6:48  Probe x2  
  78  6:55  Extended Thermal Lance  
  78  6:58  Pylon  
  78  7:00  Probe x2  
  80  7:07  Colossus (Chrono Boost)  
  80  7:11  Nexus  
  86  7:15  Pylon  
  86  7:16  Probe x2  
  88  7:24  Adept x3  
  93  7:31  Probe  
  93  7:33  Gateway  
  93  7:35  Gateway  
  94  7:37  Gateway  
  94  7:40  Observer  
  94  7:47  Sentry x3  
  98  7:57  Pylon  
  98  7:58  Pylon  
  98  8:06  Colossus (Chrono Boost)  
  102  8:13  Shield Battery  
  102  8:16  Nexus  
  94  8:21  Probe  
  94  8:22  Pylon  
  94  8:26  Probe  
  96  8:27  Gateway  
  96  8:33  Probe  
  97  8:38  Probe  
  98  8:45  Probe  
  98  8:46  Zealot  
  101  8:50  Zealot x3  
  101  8:51  Probe  
  101  8:53  Observer  
  109  8:57  Probe  
  109  8:59  Sentry  
  109  9:02  Sentry  
  112  9:03  Probe  
  112  9:09  Probe  
  114  9:13  Zealot x2  
  114  9:14  Zealot x2  
  104  9:32  Stalker x3  
Tags
 
Add a new tag
Caveats
  • Supply blocks, unpowered buildings, or Contaminate may cause inaccurate times.
  • Supply counts are checked every 10 seconds.